[Event "7th Porticcio Open 2022"]
[Site "Porticcio"]
[Date "2022.07.05"]
[Round "6.7"]
[White "Navrotescu, Andreea"]
[Black "Suarez Uriel, Adrian"]
[Result "0-1"]
[ECO "A35"]
[WhiteElo "2373"]
[BlackElo "2386"]
[Annotator "TA"]
[PlyCount "60"]
[EventDate "2022.07.02"]
[EventType "swiss"]
[EventCountry "FRA"]
[SourceTitle "playchess.com"]
[Source "ChessBase"]
[SourceQuality "1"]
[TimeControl "5400+30"]

1. c4 c5 2. Nc3 Nc6 3. Nf3 g6 4. e3 Nf6 5. d4 cxd4 6. exd4 d5 7. cxd5 Nxd5 8. Qb3 Nxc3 9. Bc4 Nd5 10. Bxd5 e6 11. Bxc6+ bxc6 12. O-O Qd5 {[%emt 0:02:59] A35: Symmetrical English: 2 Nc3 Nc6 3 Nf3.} 13. Qe3 {[%emt 0:00:11] now scores much better than the old 13.Be3.} Bg7 14. Bd2 {[%emt 0:03:43] [#]} Rb8 $146 {[%emt 0:01:07][%cal Ba8b8,Bb8b2,Bb2e2][%mdl 32] Inhibits Bb4. White is slightly better.} ({Predecessor:} 14... O-O 15. Rfc1 Rb8 16. Rc5 Qd6 17. Bc3 Rb5 18. a4 Rxc5 19. dxc5 Qd5 20. Bxg7 Kxg7 {1-0 (62) Ponkratov,P (2628)-Triapishko,A (2508) Sochi 2018}) 15. Bc3 (15. Qa3 $16) 15... O-O $11 16. a3 Ba6 17. Rfd1 Rfd8 18. Bb4 (18. Re1 $11 {keeps the balance.}) 18... c5 $1 $17 19. Bxc5 Rxb2 (19... Rb3 $5 20. Qg5 Be2 21. Qxd5 Rxd5 $15) 20. Rdb1 Re2 21. Qc3 ({Better is} 21. Qb3 $1 $15) 21... g5 {[%emt 0:07:13] Black is more active.} (21... e5 $1 $17 22. Qb3 (22. dxe5 $2 Rc8 $19) 22... Bc4) 22. h3 h5 $36 {[%emt 0:00:05][%mdl 2048] White is under strong pressure.} 23. Qa5 (23. Re1 $17) 23... g4 $1 $19 24. hxg4 hxg4 25. Ne5 {[%emt 0:00:44] Strongly threatening Nc6.} Bxe5 {[%emt 0:13:36][%cal Bg7e5,Be5f4,Bf4g3][%mdl 32] Really sharp!} 26. Qxa6 $2 {[%emt 0:00:15] White does not recover from this.} (26. dxe5 $17 Rxe5 27. Qxa6 Qxc5 28. Rc1) 26... Rd2 27. Qxa7 $2 {[%emt 0:12:15] [#]} (27. Qb7 $19 Bg3 28. Qxd5 (28. fxg3 $2 Rd1+ 29. Rxd1 Qxb7 $19) 28... Bxf2+ 29. Kf1 Rxd5 30. Bb4) 27... g3 $1 28. Rf1 {[%emt 0:06:43] Black is clearly winning.} Bf4 {[%emt 0:00:27] ( -> ...Qh5)} 29. Rae1 Qh5 30. fxg3 Bxg3 {[%emt 0:00:02] Weighted Error Value: White=0.57/Black=0.72} 0-1

[Event "7th Porticcio Open 2022"]
[Site "Porticcio"]
[Date "2022.07.05"]
[Round "6.8"]
[White "Derige Kane, Yan"]
[Black "Martin Duque, Jesus"]
[Result "0-1"]
[ECO "E15"]
[WhiteElo "2112"]
[BlackElo "2378"]
[Annotator "TA"]
[PlyCount "64"]
[EventDate "2022.07.02"]
[EventType "swiss"]
[EventCountry "FRA"]
[SourceTitle "playchess.com"]
[Source "ChessBase"]
[SourceQuality "1"]
[TimeControl "5400+30"]

1. d4 Nf6 2. c4 e6 3. Nf3 b6 4. g3 Ba6 5. b3 Bb4+ 6. Bd2 Be7 7. Nc3 c6 8. e4 d5 9. e5 {[%emt 0:00:14] The old main line.} Ne4 10. Bd3 Nxd2 {[%emt 0:09:41] E15: Queen's Indian: 4 g3 sidelines, 4 g3 Ba6 and 4 g3 Bb7 early deviations.} 11. Qxd2 {[%emt 0:01:09] [#]} h6 $146 ({Predecessor:} 11... O-O 12. O-O Bb7 13. cxd5 cxd5 14. Ne2 Ba6 15. Rac1 Bxd3 16. Qxd3 Qd7 17. Nf4 Nc6 18. h4 {½-½ (50) Ovetchkin,R (2526)-Khismatullin,D (2636) St Petersburg 2012}) 12. h4 Qd7 {[%emt 0:04:42] White is slightly better.} 13. g4 (13. O-O $14) 13... b5 (13... Bb7 $11) 14. c5 $1 $14 b4 {[%emt 0:01:36] Threatens to win with ...Bxd3.} 15. Ne2 Bxd3 16. Qxd3 a5 17. Kd2 Na6 18. g5 Nc7 19. g6 f5 (19... O-O $11 {keeps the balance.}) 20. exf6 $2 (20. a3 $16) 20... Bxf6 $15 21. Nf4 O-O {[%emt 0:00:57][%cal Oe6e5] And now ...e5! would win.} 22. Qe3 {[%emt 0:03:08] Inhibits e5.} Rae8 23. Nh5 $2 {[%emt 0:01:37] [#]} (23. Nd3 $1 $11 {and White stays safe.}) 23... Qd8 $2 ({Black should play} 23... Bxd4 $1 $19 24. Nxd4 e5) 24. Ne5 ({Better is} 24. Rag1 $15) 24... Bxe5 $19 25. Qxe5 Qe7 {[%emt 0:00:05] Dancing on a razor blade.} (25... Qd7 $19 26. Rh2 Nb5) 26. f4 (26. Rae1 $17 {is tougher.}) 26... Rf5 27. Qe2 Nb5 28. Kd3 e5 29. Rae1 Nxd4 30. Qg4 Qxc5 {[%emt 0:00:38][%csl Gb4][%cal Rc5c3] Black mates.} 31. Rc1 e4+ 32. Kd2 Qb5 {[%emt 0:01:02] Weighted Error Value: White=1.29/Black=0.32} (32... e3+ $142 33. Kd1 Qb5 34. Qg2 Qd3+ 35. Ke1 Nf3+ 36. Qxf3 Qd2+ 37. Kf1 e2+ 38. Kg2 e1=N+ 39. Kh3 Nxf3 40. Rcf1 Re3 41. Ng3 Rxf4 42. Rxf3 Rfxf3 43. Rg1 Qf2 44. Kg4 Qxg1 45. a4 Qxg3+ 46. Kh5 Rf5#) 0-1

[Event "7th Porticcio Open 2022"]
[Site "Porticcio"]
[Date "2022.07.06"]
[Round "7.1"]
[White "Maurizzi, Marc Andria"]
[Black "Clarke, Brandon G I"]
[Result "1/2-1/2"]
[ECO "B52"]
[WhiteElo "2506"]
[BlackElo "2486"]
[Annotator "TA"]
[PlyCount "74"]
[EventDate "2022.07.02"]
[EventType "swiss"]
[EventCountry "FRA"]
[SourceTitle "playchess.com"]
[Source "ChessBase"]
[SourceQuality "1"]
[TimeControl "5400+30"]

1. e4 c5 2. Nf3 d6 3. Bb5+ Bd7 4. Bxd7+ Qxd7 5. O-O Nc6 6. c3 d5 7. e5 {[%emt 0:04:24] B52: Sicilian: Moscow Variation with 3...Bd7.} e6 8. d4 Rc8 {[%emt 0:00:09] [#]} 9. a3 $146 ({Predecessor:} 9. Bf4 Nge7 10. Nbd2 Nf5 11. Nb3 cxd4 12. Nbxd4 Nfxd4 13. Nxd4 Bc5 14. Nb3 Bb6 15. Qg4 {½-½ (41) Balabayeva,K (2116)-Nguyen,P (2411) Belgrade 2021}) 9... Nge7 10. Re1 cxd4 11. cxd4 Nf5 12. Nc3 Be7 13. Ne2 O-O 14. Ng3 Nh4 15. Nxh4 {[%emt 0:10:09] The position is equal.} Bxh4 16. Nh5 {[%emt 0:02:40] [#] Black must now prevent Qg4.} f5 {[%emt 0:02:25] Against Qg4} 17. exf6 Bxf6 18. Be3 Qf7 19. Nxf6+ Qxf6 20. Rc1 Na5 21. Rxc8 Rxc8 22. Qd3 a6 23. f3 Qg6 24. Qxg6 hxg6 $11 {[%emt 0:00:03][%mdl 4096] Endgame KRB-KRN} 25. Rc1 Rc4 26. Kf2 Kf7 27. Ke2 Nb3 28. Rc3 Rxc3 29. bxc3 {[%emt 0:00:02] KB-KN} Na5 30. h4 Nc4 31. Bc1 a5 32. g4 a4 33. Kd3 b5 34. Ke2 Kg8 35. Kd3 Kf7 36. Ke2 Kg8 37. Kd3 Kf7 {[%emt 0:00:07] Not much happened in this game.  Weighted Error Value: White=0.06 (flawless) /Black=0.04 (flawless)} 1/2-1/2

[Event "7th Porticcio Open 2022"]
[Site "Porticcio"]
[Date "2022.07.06"]
[Round "7.2"]
[White "Suarez Uriel, Adrian"]
[Black "Karttunen, Mika"]
[Result "1/2-1/2"]
[ECO "C50"]
[WhiteElo "2386"]
[BlackElo "2484"]
[Annotator "TA"]
[PlyCount "262"]
[EventDate "2022.07.02"]
[EventType "swiss"]
[EventCountry "FRA"]
[SourceTitle "playchess.com"]
[Source "ChessBase"]
[SourceQuality "1"]
[TimeControl "5400+30"]

1. e4 e5 2. Nf3 Nc6 3. Bc4 Nf6 4. d3 Bc5 5. O-O d6 6. c3 a6 7. a4 Ba7 8. Nbd2 O-O 9. h3 h6 10. Re1 Be6 11. Bxe6 fxe6 12. b4 Nh5 13. Nf1 Qf6 14. Ra2 Nf4 15. Kh2 a5 16. b5 Nb8 17. Be3 Nd7 18. Bxa7 Rxa7 19. Ne3 Nc5 20. Rd2 Raa8 21. Nc4 Qg6 22. g3 Nh5 23. Re3 b6 24. Nh4 Qg5 25. d4 exd4 26. cxd4 Nd7 27. Ng2 Nhf6 28. Nf4 Rae8 29. Qb3 Nh5 30. Nxd6 cxd6 31. Nxe6 Rxe6 32. Qxe6+ Rf7 33. Rc2 (33. Qxd6 $6 Rxf2+ 34. Rxf2 Qxe3 $18) 33... Qf6 34. Qxf6 (34. Qd5 g6 35. Ree2 Ng7 36. Rc8+ Kh7 $18) 34... gxf6 35. Rc6 d5 36. e5 ({Don't take} 36. exd5 f5 37. Rf3 (37. Rxh6 Nhf6 $18) 37... Kg7 $18) (36. g4 $142 Ng7 37. exd5) 36... fxe5 $18 37. dxe5 Rxf2+ 38. Kg1 Rf8 39. e6 $1 ({Don't do} 39. Rxh6 $6 Ng7 $16) 39... Nc5 40. e7 Re8 41. Rxb6 ({White should play} 41. Rxh6 $18 Ng7 42. Rxb6) 41... d4 $2 {[%emt 0:00:30][%mdl 8192] [#]} (41... Kf7 $16) 42. Re1 (42. Rb8 $142 $3 Kf7 (42... Rxb8 43. e8=Q+) 43. Rf3+ Kxe7 44. Rxe8+ Kxe8 45. Rf5 Nxa4 46. Rxh5) 42... d3 (42... Kf7 {keeps fighting.}) 43. Rxh6 $18 Ng7 44. Rd6 $2 (44. Re5 $18 {is more deadly.} Nxa4 45. Rd6) 44... Kf7 $16 45. Rd5 Nge6 46. Rf5+ Kxe7 47. Rxc5 (47. Rd5 $16) 47... d2 $11 48. Rce5 dxe1=Q+ 49. Rxe1 Rd8 50. b6 Rb8 51. Re5 Rxb6 52. Rxa5 Rb2 53. h4 Rc2 54. h5 Kf6 55. Rd5 Nc7 56. Rd8 Ne6 57. Rg8 Kf7 58. Rg4 Rc5 59. Rh4 Ng5 60. Kf2 Rc2+ 61. Ke3 Rc3+ 62. Kf4 Kf6 63. h6 Kg6 64. a5 Ra3 65. g4 $2 {[%emt 0:01:49][%mdl 8192] [#]} (65. Rh1 $15) 65... Ra4+ $2 (65... Kf6 $1 {mates} 66. Rh3 Rxh3 67. a6 Rf3#) 66. Kg3 Rxa5 67. Rh5 Ra3+ 68. Kg2 Nh7 69. Rh3 Ra4 70. Kg3 Nf6 71. Kf3 Ra3+ ({Much less strong is} 71... Rxg4 72. h7 Nxh7 73. Kxg4 $14) 72. Kg2 Ra7 73. Rh1 Kg5 74. Kf3 Ra3+ 75. Kg2 Nh7 76. Rh3 Ra4 77. Kf3 Rf4+ 78. Kg2 Kxg4 79. Ra3 Rf6 80. Ra7 Rxh6 81. Ra4+ Kg5 82. Ra5+ Kg6 83. Ra6+ Nf6 84. Kf3 Rh4 85. Rb6 Rd4 86. Ra6 Kf5 87. Ra5+ Nd5 88. Rc5 Ke5 89. Ra5 Rd3+ 90. Kg4 (90. Ke2 $11) 90... Rd1 91. Kf3 Rf1+ (91... Kd4 $15) 92. Ke2 $11 Rf5 93. Kd3 Rf3+ 94. Ke2 Rb3 95. Kf2 Ke4 96. Ra4+ Nb4 97. Kg2 (97. Ra8 $11) 97... Kf4 98. Ra8 Rb2+ 99. Kh3 Nd5 100. Rf8+ Kg5 (100... Ke3 $15) 101. Rg8+ Kf5 102. Rf8+ Nf6 103. Kg3 $1 Kg5 104. Kf3 Rb3+ 105. Ke2 Kf5 106. Kd2 Ke5 107. Kc2 Rf3 108. Kb2 Kd4 109. Kc2 Rc3+ 110. Kb2 Nd5 111. Rd8 Rc5 112. Rd7 Kd3 113. Rd8 Rb5+ 114. Kc1 $1 Ke2 115. Kc2 Ke3 116. Re8+ Kd4 117. Rd8 Rb6 118. Kc1 Rh6 119. Kc2 Rh3 120. Kb2 Rd3 121. Kc2 Rc3+ 122. Kd2 Rh3 123. Ke2 Ra3 124. Kf2 Ke5 125. Re8+ Kf5 126. Rf8+ Nf6 127. Ke2 Ke5 128. Rh8 $1 Ng4 129. Re8+ Kf4 130. Rf8+ Ke4 131. Re8+ Ne5 1/2-1/2

[Event "7th Porticcio Open 2022"]
[Site "Porticcio"]
[Date "2022.07.06"]
[Round "7.3"]
[White "Venkatesh, M.R."]
[Black "Trent, Lawrence"]
[Result "1-0"]
[ECO "B13"]
[WhiteElo "2479"]
[BlackElo "2404"]
[Annotator "TA"]
[PlyCount "146"]
[EventDate "2022.07.02"]
[EventType "swiss"]
[EventCountry "FRA"]
[SourceTitle "playchess.com"]
[Source "ChessBase"]
[SourceQuality "1"]
[TimeControl "5400+30"]

1. e4 c6 2. d4 d5 3. exd5 cxd5 4. Bd3 Nc6 5. c3 Nf6 6. Bf4 g6 7. Nf3 Bg7 8. h3 O-O 9. Nbd2 Nh5 10. Be3 {[%emt 0:09:59] B13: Caro-Kann: Exchange Variation and Panov-Botvinnik Attack.} Qd6 11. Nb3 {[%emt 0:04:26] [#]} b6 $146 ({Predecessor:} 11... a5 12. a4 Nf4 13. Bf1 Re8 14. g3 Nh5 15. Bg2 b6 16. O-O f5 17. Ne5 Ba6 {1-0 (60) Bastian,M (2198)-Kuehn,K (1931) Saarlouis 2003}) 12. Qd2 {[%emt 0:06:12] The position is equal.} f5 {[%emt 0:01:59] White must now prevent ...f4.} 13. Bh6 Nf6 ({Black should play} 13... Bxh6 $11 14. Qxh6 e5) 14. Bxg7 $14 Kxg7 15. Bb5 Ne4 16. Qe2 Nd8 17. O-O Ne6 18. Ne5 f4 (18... Nf4 $14 19. Qe3 g5) 19. Nd2 $16 N6g5 20. Rfe1 Bf5 21. Bd3 Rae8 (21... Nxd2 $142 22. Qxd2 Bxd3 23. Qxd3 a5) 22. h4 (22. Bxe4 Nxe4 23. a3 (23. Nxe4 dxe4 24. Kh2 g5 $14) 23... g5 $16) 22... Nxd2 23. Qxd2 Bxd3 24. hxg5 Ba6 25. Nf3 Bc8 26. Re5 Bg4 27. Nh2 Bh5 (27... Bd7 $16 28. Rae1 Rf7) 28. Rae1 $18 Qd7 29. f3 Rf5 30. Qe2 Kf7 31. Nf1 e6 32. Qd2 Qd8 33. Rxf5+ gxf5 34. Qxf4 Rg8 35. Qe5 Rg6 (35... Re8 36. f4 Kg8) 36. f4 (36. Ng3 Qxg5 37. Qc7+ Ke8 $16) 36... h6 37. gxh6 (37. Ng3 $142 Bg4 38. Kf2) 37... Rxh6 38. Ng3 Bg4 39. Kf2 b5 40. a3 a5 41. b3 ({Better is} 41. Kg1 $18) 41... Qb6 (41... Qc8 $16) 42. Nf1 Qc6 43. Qe3 Qd6 44. a4 bxa4 45. bxa4 Qa3 $2 (45... Rh8 {is a better defense.} 46. Nd2 Qe7) 46. Rb1 {[%emt 0:00:12] Threatens to win with Rb7+.} Qa2+ (46... Qxa4 $2 47. Rb7+ Ke8 48. Qe5 $18) 47. Nd2 Rf6 48. Kg1 Qxa4 49. Nf3 $2 (49. Rb7+ $18 {and White stays clearly on top.} Kg6 50. Nb3) 49... Bxf3 $16 50. Rb7+ ({White should try} 50. Qxf3 $14 Qd7 51. Rb8) 50... Ke8 $2 {[%emt 0:00:37][%mdl 8192] White leaves nothing to chance now.} (50... Kf8 $11 51. Qe5 (51. Qxf3 Qc2 $11) 51... Qd1+ 52. Kf2 Kg8) 51. Qxf3 $18 {[%emt 0:00:02][%mdl 4096] Endgame KQR-KQR} Qa1+ {[%emt 0:00:24] [#]} 52. Kf2 $1 {[%emt 0:00:11] Intending Qh5+ and mate.} Qa2+ 53. Ke3 Rg6 54. Qh5 ({Weaker is} 54. Rb8+ Kd7 55. Qh3 (55. Rb7+ $2 Kc8 $19) 55... Kc6 56. Rc8+ Kb5 $17) 54... Qxg2 55. Qh8+ (55. Rb8+ $142 Kd7 56. Qh7+ Rg7 {[#]} 57. Qxg7+ $3 Qxg7 58. Rb7+ Kd6 59. Rxg7 Kc6 60. Re7) 55... Rg8 56. Rb8+ Kf7 57. Qh7+ Qg7 58. Rb7+ Kf8 59. Rxg7 Rxg7 {[%emt 0:00:02] KQ-KR} 60. Qh8+ Kf7 61. Qc8 a4 62. Qd7+ Kf6 63. Qxa4 Rg3+ 64. Kd2 {[%emt 0:00:32] aiming for c4.} Rf3 65. Qe8 {[%emt 0:00:34] White mates.} Rxf4 66. Qf8+ Kg6 67. Ke3 Rg4 68. Kf3 Re4 69. Qe7 Kh6 70. Qf6+ Kh7 71. Qg5 Kh8 72. Qg6 Re1 73. Qf6+ Kg8 {[%emt 0:00:04] Weighted Error Value: White=0.24 (precise) /Black=0.33} 1-0

[Event "7th Porticcio Open 2022"]
[Site "Porticcio"]
[Date "2022.07.06"]
[Round "7.4"]
[White "Can, Isik"]
[Black "Droin, Augustin"]
[Result "1-0"]
[ECO "A06"]
[WhiteElo "2445"]
[BlackElo "2391"]
[Annotator "TA"]
[PlyCount "67"]
[EventDate "2022.07.02"]
[EventType "swiss"]
[EventCountry "FRA"]
[SourceTitle "playchess.com"]
[Source "ChessBase"]
[SourceQuality "1"]
[TimeControl "5400+30"]

1. Nf3 d5 2. g3 Bg4 3. Bg2 Nd7 4. c4 e6 5. Qb3 Nc5 6. Qe3 {[%emt 0:00:02] A07: Réti Opening: New York and Capablanca Systems.} Bxf3 7. Qxf3 c6 8. d4 {[%emt 0:04:17] White is slightly better.} Ne4 9. O-O {[%emt 0:14:30] [#]} Ngf6 $146 ({Predecessor:} 9... Nd6 10. Qb3 Nf6 11. cxd5 cxd5 12. Nc3 Be7 13. f3 O-O 14. e4 Nc4 15. Rd1 Na5 {½-½ (22) Bai,J (2572)-Brown,M (2524) Burlingame 2019}) 10. Qd3 Be7 11. c5 h6 12. f3 Ng5 13. b4 a5 14. b5 e5 15. bxc6 bxc6 16. dxe5 Nd7 17. f4 Ne6 18. Kh1 Bxc5 ({Black should play} 18... h5) 19. Nd2 O-O 20. e4 Bd4 21. Rb1 Ndc5 22. Qf3 Rc8 23. Ba3 (23. exd5 $142 cxd5 24. Ba3 (24. Qxd5 Na4 $16)) 23... dxe4 {[%emt 0:00:35] [#]} (23... Nxe4 $142 24. Nxe4 dxe4 25. Qxe4 c5) 24. Nxe4 ({White should try} 24. Qe2 $1 $16) 24... Nxe4 $14 25. Qxe4 (25. Bxf8 $2 Nd2 26. Qd3 Nxb1 $19) 25... c5 $1 26. Rbe1 {[%emt 0:04:31] White is more active.} Re8 27. Bc1 c4 $2 {[%emt 0:03:03][%mdl 8192] [#] This move loses the game for Black.} (27... Nf8 $14) 28. Rd1 $1 $18 Ba7 $2 (28... Rc7 29. f5 Nc5 30. Qxd4 Rd7) 29. Rxd8 Rexd8 30. f5 Nc5 31. Qg4 {[%emt 0:00:11] Threatening mate with Bxh6.} h5 32. Qxh5 {[%emt 0:00:44] White mates.} Nd3 33. e6 Rc7 34. f6 {[%emt 0:00:17] Weighted Error Value: White=0.11 (very precise) /Black=0.59} 1-0

[Event "7th Porticcio Open 2022"]
[Site "Porticcio"]
[Date "2022.07.06"]
[Round "7.5"]
[White "Martin Duque, Jesus"]
[Black "Yankelevich, Lev"]
[Result "1-0"]
[ECO "A21"]
[WhiteElo "2378"]
[BlackElo "2496"]
[Annotator "TA"]
[PlyCount "93"]
[EventDate "2022.07.02"]
[EventType "swiss"]
[EventCountry "FRA"]
[SourceTitle "playchess.com"]
[Source "ChessBase"]
[SourceQuality "1"]
[TimeControl "5400+30"]

1. c4 e5 2. Nc3 Bb4 3. Nd5 a5 4. a3 Be7 5. e3 Nf6 6. Nc3 {[%emt 0:03:23] A21: English Opening: 1...e5 2 Nc3.} O-O {[%emt 0:01:48] [#]} 7. Qc2 $146 ({Predecessor:} 7. Nf3 Nc6 8. Be2 d5 9. cxd5 Nxd5 10. Qc2 Be6 11. O-O f5 12. d3 Bf6 13. Re1 Nxc3 14. bxc3 {0-1 (21) Richter,N (2307)-Frischmann,R (2347) Plochingen 2020}) 7... Re8 8. Nf3 {[%emt 0:01:43] The position is equal.} Bf8 9. Be2 c6 10. O-O e4 11. Nd4 b5 12. f3 (12. cxb5 $14 c5 13. Nf5) 12... exf3 $1 $15 13. Nxf3 bxc4 14. Bxc4 d5 15. Bd3 h6 16. b3 Ba6 17. Bb2 Bxd3 18. Qxd3 Ne4 ({Better is} 18... Qc8 $15) 19. Nd4 $11 Nc5 20. Qc2 Ne6 {[%emt 0:01:44] Against Rf4} 21. Nce2 c5 22. Nxe6 Rxe6 23. Nf4 Re4 {[%emt 0:00:12] Black is on the road to losing.} (23... Rb6 $11 {keeps the balance.}) 24. Qd3 $16 Nc6 (24... Qe8 $16) 25. Nxd5 $18 Re6 {[%emt 0:00:27] [#]} (25... Qe8 $142 26. Rf5 Rd8) 26. Rxf7 $3 Kxf7 27. Qf5+ Rf6 28. Bxf6 ({Less strong is} 28. Nxf6 gxf6 29. Rf1 Be7 $14) 28... gxf6 29. Rf1 ({Inferior is} 29. Nf4 Qd6 $11) 29... Be7 30. Qh7+ Ke8 {[%emt 0:01:51] [#]} 31. Nxf6+ {[%emt 0:00:24][%mdl 576] Decoy. White is clearly winning.} Bxf6 32. Qg6+ Kd7 {[%emt 0:05:43] Hoping for ...Be7.} 33. Rxf6 Qe8 34. Rxc6 Qxg6 35. Rxg6 {[%emt 0:00:01][%mdl 4096] Endgame KR-KR} Rb8 36. Ra6 Rxb3 37. Rxa5 Kd6 38. Kf2 Rb2 39. Ke2 c4 40. Kd1 c3 41. dxc3 Rxg2 42. Rh5 Ra2 43. a4 Ke6 (43... Rxa4 $142 44. Kd2 Rg4 45. Rxh6+ Kd5) 44. Rxh6+ Ke5 45. Rh4 Kd5 46. Rd4+ Ke5 47. h4 {[%emt 0:00:03] Weighted Error Value: White=0.06 (flawless) /Black=0.28 (precise)} 1-0

[Event "7th Porticcio Open 2022"]
[Site "Porticcio"]
[Date "2022.07.06"]
[Round "7.6"]
[White "Zhukenov, Aituar"]
[Black "Rakotomaharo, Fy Antenaina"]
[Result "0-1"]
[ECO "C50"]
[WhiteElo "2148"]
[BlackElo "2490"]
[Annotator "TA"]
[PlyCount "78"]
[EventDate "2022.07.02"]
[EventType "swiss"]
[EventCountry "FRA"]
[SourceTitle "playchess.com"]
[Source "ChessBase"]
[SourceQuality "1"]
[TimeControl "5400+30"]

1. e4 e5 2. Nf3 Nc6 3. Bc4 Bc5 4. d3 Nf6 5. Bg5 h6 6. Bh4 g5 7. Bg3 d6 8. c3 {[%emt 0:01:58] is currently scoring better than 8.h3.} a6 {[%emt 0:00:58] C54: Giuoco Piano: 4 c3 Nf6, main lines with 5 d4 and 5 d3.} 9. a4 Ba7 10. Nbd2 Nh5 {[%emt 0:05:45] [#]} ({Black should try} 10... O-O $11) 11. Nxe5 $1 $14 Nxg3 12. Bxf7+ Kf8 13. Ng6+ Kxf7 14. Nxh8+ Qxh8 15. hxg3 Qf6 16. Qe2 Kg7 17. d4 Bd7 {[%emt 0:00:36] [#]} 18. O-O $146 ({Predecessor:} 18. O-O-O b5 19. f4 bxa4 20. Rdf1 a3 21. bxa3 Nxd4 22. cxd4 Bb5 23. e5 dxe5 24. Qe4 {1-0 (56) Asis Gargatagli,H (2520)-Gomez Garrido,C (2524) Barcelona 2017}) 18... Re8 19. Qc4 Re7 20. e5 $2 (20. Rae1 $11 {and White has nothing to worry.}) 20... dxe5 $19 21. d5 Nb8 22. Ne4 Qf7 23. Qb4 (23. Rad1 $19) 23... c5 ({Better is} 23... Bf5 $1 $17 {aiming for ...Bxe4.} 24. Rae1 Bxe4 25. Qxe4 Nd7) 24. Qb3 (24. Qxb7 $2 Bf5 25. Qb3 Bxe4 $19) 24... b6 (24... Nc6 $5) 25. c4 Qg6 26. f3 a5 27. Rae1 Bf5 28. Nf2 Kh7 (28... Na6 $11) 29. Qc3 $14 Qg7 30. f4 $1 gxf4 (30... exf4 $2 31. Rxe7 Qxe7 32. Re1 $18) 31. gxf4 Nd7 32. fxe5 (32. d6 $1 $14 Re6 33. fxe5 Nxe5 34. Nd1) 32... Rxe5 $40 {[%emt 0:00:12][%mdl 128] White is in trouble.} ({Reject} 32... Nxe5 33. Ne4 Bxe4 34. Rxe4 $11) 33. Nd1 {[%emt 0:04:24] [#]} (33. Rd1 $142) 33... Be4 $1 {[%emt 0:03:55] Black is more active.} 34. Rxe4 $2 (34. Re2 $17) 34... Rxe4 $19 35. Qc2 {[%emt 0:00:07] [#]} Qg6 {[%emt 0:00:26] ...Bb8 is the strong threat.} ({Weaker is} 35... Qd4+ 36. Nf2 Nf6 37. Re1 $14) 36. d6 {[%emt 0:00:26] Threatens to win with Nc3.} Kg8 37. Nc3 Re6 38. Qd2 Qg5 ({Wrong is} 38... Rxd6 $2 39. Nd5 $19) 39. Qd1 Bb8 {[%emt 0:00:57] Weighted Error Value: White=0.35/Black=0.15 (very precise)} 0-1

[Event "7th Porticcio Open 2022"]
[Site "Porticcio"]
[Date "2022.07.06"]
[Round "7.7"]
[White "Mathieu, Phileas"]
[Black "Navrotescu, Andreea"]
[Result "1/2-1/2"]
[ECO "C29"]
[WhiteElo "2331"]
[BlackElo "2373"]
[Annotator "TA"]
[PlyCount "101"]
[EventDate "2022.07.02"]
[EventType "swiss"]
[EventCountry "FRA"]
[SourceTitle "playchess.com"]
[Source "ChessBase"]
[SourceQuality "1"]
[TimeControl "5400+30"]

1. e4 e5 2. Nc3 Nf6 3. f4 d5 4. fxe5 Nxe4 5. Qf3 Nxc3 6. dxc3 {[%emt 0:00:34] C29: Vienna Game: 2...Nf6 3 f4.} Be7 7. Bf4 O-O 8. O-O-O {[%emt 0:00:31] White has an edge.} c6 {[%emt 0:00:56] [#]} 9. Qg3 $146 {[%emt 0:02:50] Strongly threatening Bh6.} ({Predecessor:} 9. h4 f6 10. Qg3 Nd7 11. Nf3 fxe5 12. Nxe5 Nxe5 13. Bxe5 Bf6 14. c4 Be6 15. cxd5 cxd5 {0-1 (51) Bueno,A (2145)-Goltseva,E (2284) Chess.com INT 2022}) 9... Bh4 10. Qe3 Qb6 11. Nf3 Be7 12. Bd3 ({White should play} 12. Qe1) 12... Nd7 13. c4 Qxe3+ 14. Bxe3 Nb6 15. Bxb6 dxc4 $1 16. Bxc4 axb6 17. e6 (17. a3 $11) 17... Bxe6 $15 18. Bxe6 fxe6 19. a3 Rad8 20. Rde1 Rd6 21. Re4 Bf6 22. Rhe1 Re8 23. c3 b5 24. Kc2 Kf7 25. R1e2 Rd5 26. a4 bxa4 27. Rxa4 h5 28. Rae4 g5 29. h3 Rf5 30. Rf2 Rd8 31. g4 {[%emt 0:01:08] The position is equal.} hxg4 32. hxg4 Rfd5 33. Nxg5+ Rxg5 34. Ref4 Rg6 35. g5 $1 {[%emt 0:00:06][%mdl 64] [#] Pin} Rd5 36. Rxf6+ Rxf6 37. Rxf6+ $11 {[%emt 0:00:54][%mdl 4096] Endgame KR-KR} Ke7 38. Rg6 Kf7 39. Rf6+ Ke7 40. Rg6 b5 41. Rg7+ Kd6 42. b4 Rf5 43. Kd3 Rf3+ 44. Kc2 Rg3 45. Rg8 Ke5 46. Rc8 Kd5 47. Rd8+ Ke5 48. Rc8 Kd5 49. Rd8+ Ke5 50. Rc8 Kd5 51. Rd8+ {Weighted Error Value: White=0.06 (flawless) /Black=0.06 (flawless)} 1/2-1/2